 Dungeon Crawl Stone Soup version 0.18-a0-1577-gf591c28 (webtiles) character file.

783 itbreathesyoudie the Slinger (level 8, -13/54 HPs)
             Began as a Halfling Assassin on Mar 19, 2016.
             Mangled by Dowan
             ... wielding a +4 dagger of electrocution
              (15 damage)
             ... on level 4 of the Dungeon.
             The game lasted 00:18:45 (5146 turns).

itbreathesyoudie the Slinger (Halfling Assassin)    Turns: 5146, Time: 00:18:45

Health: -13/54     AC:  3    Str: 11    XL:     8   Next: 11%
Magic:  8/8        EV: 14    Int: 10    God:
Gold:   120        SH:  0    Dex: 18    Spells: 0 memorised, 7 levels left

rFire  . . .     SeeInvis .     a - +0 hunting sling
rCold  . . .     Gourm    .     c - +0 robe
rNeg   . . .     Faith    .     (shield restricted)
rPois  .         Spirit   .     (no helmet)
rElec  .         Dismiss  .     d - +0 cloak
rCorr  .         Reflect  .     (no gloves)
SustAt .         Harm     .     (no boots)
MR     .....                    (no amulet)
Stlth  +++.......               (no ring)
                                (no ring)

@: not resistant to hostile enchantments, fairly stealthy
A: mutation resistance 1
a: no special abilities


You were on level 4 of the Dungeon.
You were near starving.

You visited 1 branch of the dungeon, and saw 4 of its levels.

You collected 120 gold pieces.

Inventory:

Hand Weapons
 a - a +0 hunting sling (weapon)
   (You found it on level 1 of the Dungeon)
 b - a +2 dagger
 m - a +0 blowgun
Missiles
 e - 16 poisoned needles
 n - 154 stones (quivered)
Armour
 c - a +0 robe (worn)
 d - a +0 cloak (worn)
 w - a +0 hat
   (You found it on level 2 of the Dungeon)
Scrolls
 j - 2 scrolls of remove curse {unknown}
 k - a scroll of enchant weapon {unknown}
 p - 3 scrolls of fear {unknown}
 s - a scroll of recharging {unknown}
 x - 3 scrolls of teleportation {unknown}
 y - a scroll of identify {unknown}
 C - 2 scrolls of immolation {unknown}
Potions
 i - a potion of degeneration
 o - a potion of ambrosia {unknown}
 q - a potion of brilliance {unknown}
 r - a potion of cure mutation {unknown}
 A - a potion of flight {unknown}
 D - 2 potions of cancellation {unknown}
Comestibles
 g - 3 bread rations
 u - 2 beef jerkies
 z - 2 meat rations
 B - 2 fruits


   Skills:
 - Level 4.0 Fighting
 - Level 2.6 Short Blades
 + Level 10.4(10.6) Slings
 - Level 2.1(5.5) Throwing
 - Level 1.1 Dodging
 - Level 4.3 Stealth


You had 7 spell levels left.
You didn't know any spells.

Dungeon Overview and Level Annotations

Branches:
Dungeon (4/15)
 Temple: D:4-7

Altars:
Yredelemnul

Annotations:
D:4 Dowan


Innate Abilities, Weirdness & Mutations

You are small and have problems with some larger weapons.
You are somewhat resistant to further mutation.


Message History

Wield which item (- for none, * to show all)? (? for menu, Esc to quit)
Okay, then!
Quiver which item? (- for none, * to show all) (? for menu, Esc to quit)
Quivering
f - 2 curare-tipped needles for blowguns!
Aim: Duvessa, wielding a short sword and wearing a leather armour (moderately wounded, poisoned)
You shoot a curare-tipped needle!
The curare-tipped needle completely misses Duvessa!
Aim: Duvessa, wielding a short sword and wearing a leather armour (moderately wounded, poisoned)
You shoot a curare-tipped needle! The curare-tipped needle hits Duvessa!
Duvessa looks even sicker!
Duvessa convulses!
Duvessa seems to slow down!
Things that are here:
a giant club; a giant spiked club; an ogre corpse Wield which item (- for none, * to show all)? (? for menu, Esc to quit)
a - a +0 hunting sling (weapon)
You are too hungry to fight recklessly!!!
You are too hungry to fight recklessly!!!
Unknown command!
Aim: Duvessa, wielding a short sword and wearing a leather armour (heavily wounded, slow, poisoned)
You shoot a stone! The stone closely misses Duvessa!
Aim: Duvessa, wielding a short sword and wearing a leather armour (heavily wounded, slow, poisoned)
You shoot a stone! The stone completely misses Duvessa!
Duvessa closely misses you!
Aim: Duvessa, wielding a short sword and wearing a leather armour (heavily wounded, slow, poisoned)
You shoot a stone! The stone hits Duvessa!
Aim: Duvessa, wielding a short sword and wearing a leather armour (heavily wounded, slow, poisoned)
You shoot a stone! The stone completely misses Duvessa!
Aim: Duvessa, wielding a short sword and wearing a leather armour (severely wounded, slow, poisoned)
You shoot a stone! The stone barely misses Duvessa!
Duvessa closely misses you!
Aim: Duvessa, wielding a short sword and wearing a leather armour (severely wounded, slow, poisoned)
You shoot a stone!
The stone hits Duvessa but does no damage!
Aim: Duvessa, wielding a short sword and wearing a leather armour (severely wounded, slow, poisoned)
You shoot a stone! The stone barely misses Duvessa!
Aim: Duvessa, wielding a short sword and wearing a leather armour (severely wounded, slow, poisoned)
You shoot a stone! The stone hits Duvessa!
Duvessa hits you with a short sword!!!
Dowan hits you with a dagger of electrocution! * * * don't die
* * * You take 15 damage, and have 33/48 hp!
MASSIVE DAMAGE!!!!!!
Aim: Duvessa, wielding a short sword and wearing a leather armour (severely wounded, slow, poisoned)
You shoot a stone! The stone barely misses Duvessa!
Aim: Duvessa, wielding a short sword and wearing a leather armour (severely wounded, slow, poisoned)
You shoot a stone! The stone hits Duvessa!
Dowan drinks a potion!
Dowan seems to grow stronger!
Duvessa hits you with a short sword!!! * * * don't die
* * * You take 8 damage, and have 25/48 hp!
Aim: Duvessa, wielding a short sword and wearing a leather armour (severely wounded, slow, poisoned)
You shoot a stone! The stone hits Duvessa!
Dowan barely misses you!
Aim: Duvessa, wielding a short sword and wearing a leather armour (almost dead, slow, poisoned)
You shoot a stone! The stone hits Duvessa!
Duvessa is no longer moving slowly!
Duvessa barely misses you!
Aim: Duvessa, wielding a short sword and wearing a leather armour (almost dead, poisoned)
You shoot a stone! The stone barely misses Duvessa!
Dowan hits you with a dagger of electrocution! * * * don't die
* * * You take 5 damage, and have 20/48 hp!
Aim: Duvessa, wielding a short sword and wearing a leather armour (almost dead, poisoned)
You shoot a stone! The stone hits Duvessa!
You annihilate Duvessa!!!
Dowan screams, "No!!!
No!!!"
Dowan seems to find hidden reserves of power!!!
Your Slings skill increases to level 10!!!
You have reached level 8!!!
You feel your strength returning! Dowan barely misses you!
You regained 2 hp, and now have 22/54 hp!
MP restored: 8 Dowan mumbles some strange words!
Dowan blinks!!!
Items here: !!! $ ( ) [ † a short sword; a leather armour; a glowing brown potion; 8 gold pieces 7 stones; the elf corpse of Duvessa
n - 154 stones (gained 5)
Things that are here:
a giant club; a giant spiked club; an ogre corpse Dowan hits you with a dagger of electrocution! * * * don't die
* * * You are electrocuted!!! * * * don't die
* * * You see here a curare-tipped needle!
You take 19 damage, and have 3/54 hp!
MASSIVE DAMAGE!!!!!!
Unknown command!
Read which item? (? for menu, Esc to quit)
Okay, then!
Drink which item? (? for menu, Esc to quit)
You feel better! Dowan barely misses you!
You regained 9 hp, and now have 12/54 hp!
Unknown command!
Read which item? (? for menu, Esc to quit)
Okay, then!
Drink which item? (? for menu, Esc to quit)
Okay, then!
Read which item? (? for menu, Esc to quit)
Okay, then!
Drink which item? (? for menu, Esc to quit)
Okay, then!
Dowan hits you with a dagger of electrocution!!! * * * don't die
* * * You are electrocuted!!! rip

.......#
##.##.######.#
.........
########
####<.@e.)).#
.#####...
##########
#..# #..# #..(
#..# ....


You could see Dowan.

Vanquished Creatures
  Duvessa (D:4)
  A phantom (D:4)
  3 ogres (D:4)
  2 orc wizards (D:4)
  An orc priest (D:4)
  2 worker ants (D:4)
  3 gnolls (D:3)
  6 adders
  An ooze (D:1)
  3 worms
  5 dart slugs
  5 giant geckos
  7 orcs (D:4)
  3 ball pythons
  2 giant cockroaches
  6 goblins
  11 hobgoblins
  3 jackals (D:4)
  7 kobolds
  2 quokkas
  8 bats
  3 giant newts (D:2)
  A quokka zombie (D:3)
  5 rats
91 creatures vanquished.

Notes
Turn   | Place    | Note
--------------------------------------------------------------
     0 | D:1      | itbreathesyoudie the Halfling Assassin began the quest for the Orb.
     0 | D:1      | Reached XP level 1. HP: 14/14 MP: 1/1
    13 | D:1      | Reached skill level 2 in Fighting
   119 | D:1      | Reached XP level 2. HP: 17/20 MP: 2/2
   473 | D:1      | Reached XP level 3. HP: 25/25 MP: 3/3
   476 | D:1      | Reached skill level 3 in Fighting
  1173 | D:2      | Reached XP level 4. HP: 23/32 MP: 4/4
  1540 | D:2      | Reached skill level 1 in Slings
  1739 | D:2      | Reached skill level 4 in Fighting
  2124 | D:2      | Reached skill level 2 in Slings
  2219 | D:2      | Reached XP level 5. HP: 37/37 MP: 5/5
  2285 | D:3      | Found a basalt altar of Yredelemnul.
  2465 | D:3      | Reached skill level 3 in Slings
  3158 | D:2      | Reached skill level 4 in Slings
  3354 | D:4      | Noticed Dowan
  3372 | D:4      | HP: 9/37 [orc wizard/magic dart (5)]
  3373 | D:4      | Reached skill level 5 in Slings
  3373 | D:4      | Reached XP level 6. HP: 10/43 MP: 6/6
  3376 | D:4      | HP: 4/43 [orc/war axe (12)]
  3388 | D:4      | HP: 15/64 [orc wizard/magic dart (1)]
  3431 | D:4      | Noticed Duvessa
  3633 | D:4      | Noticed an ogre
  3638 | D:4      | Reached skill level 6 in Slings
  3670 | D:4      | Killed an ogre
  3670 | D:4      | Reached skill level 7 in Slings
  3814 | D:4      | Noticed a phantom
  3870 | D:4      | Killed a phantom
  3870 | D:4      | Reached XP level 7. HP: 36/48 MP: 7/7
  3992 | D:4      | Reached skill level 8 in Slings
  4008 | D:4      | HP: 12/48 [orc/dagger (3)]
  4014 | D:4      | HP: 11/48 [orc/dagger (1)]
  4018 | D:4      | HP: 4/48 [orc/dagger (3)]
  4374 | D:4      | Reached skill level 9 in Slings
  5139 | D:4      | Killed Duvessa
  5139 | D:4      | Reached skill level 10 in Slings
  5139 | D:4      | Reached XP level 8. HP: 22/54 MP: 8/8
  5144 | D:4      | HP: 3/54 [Dowan/dagger of electrocution (18)]
  5146 | D:4      | Mangled by Dowan

Vault maps used:
D:1:      dpeg_arrival_stonehenge_8_columns
D:3:      lemuel_crystal_altar
D:4:      first_bread, uniq_eustachio, uniq_duvessa

Skill      XL: |  1  2  3  4  5  6  7 |
---------------+----------------------+-----
Fighting       | 2 3 4 |  4.0
Slings         | 2 5 7 10 | 10.4
Short Blades   | |  2.6
Throwing       | |  2.1
Dodging        | |  1.1
Stealth        | |  4.3

Action                   |  1- 3 |  4- 6 |  7- 9 || total
-------------------------+-------+-------+-------++-------
Melee: Dagger            |   106 |    76 |    15 ||   197
 Fire: Hunting sling     |    11 |   162 |    67 ||   240
       Blowgun           |       |     5 |    16 ||    21
  Use: Potion            |       |     4 |     2 ||     6
 Stab: Sleeping          |     3 |     5 |     1 ||     9
  Eat: Chunk             |       |     9 |     1 ||    10
       Fruit             |       |       |     1 ||     1

Vault maps used:
D:1:      dpeg_arrival_stonehenge_8_columns
D:3:      lemuel_crystal_altar
D:4:      first_bread, uniq_eustachio, uniq_duvessa

Table legend:
 A = Turns spent in this place as a percentage of turns spent in the entire game.
 B = Non-inter-level travel turns spent in this place as a percentage of non-inter-level travel turns spent in the entire game.
 C = Inter-level travel turns spent in this place as a percentage of turns spent in this place.
 D = Turns resting spent in this place as a percentage of non-inter-level travel turns spent in this place.
 E = Turns spent auto-exploring this place as a percentage of non-inter-level travel turns spent in this place.
 F = Non-inter-level travel turns spent in this place divided by the number of levels of this place that you've seen.
                   A       B       C       D       E      F
               +-------+-------+-------+-------+-------+----------------------
         Total | 100.0 | 100.0 |   0.6 |   0.3 |   7.1 | 363.0
       Dungeon | 100.0 | 100.0 |   0.6 |   0.3 |   7.1 | 363.0
               +-------+-------+-------+-------+-------+----------------------

Table legend:
 A = Kills in this place as a percentage of kills in entire the game.
 B = Kills by you in this place as a percentage of kills by you in the entire game.
 C = Kills by friends in this place as a percentage of kills by friends in the entire game.
 D = Other kills in this place as a percentage of other kills in the entire game.
 E = Experience gained in this place as a percentage of experience gained in the entire game.
 F = Experience gained in this place divided by the number of levels of this place that you have seen.
                   A       B       C       D       E      F
               +-------+-------+-------+-------+-------+----------------------
         Total | 100.0 | 100.0 |  -nan |  -nan | 100.0 | 279.8
       Dungeon | 100.0 | 100.0 |  -nan |  -nan | 100.0 | 279.8
               +-------+-------+-------+-------+-------+----------------------
